AoeStats
← Aldiiitox HxC

Black Forest

508142269Analyzed
3v3 RM · 13d ago on Sep 21, 2026· 49m 55s· 6 players
Game mode
Random Map
Map size
Normal (6 player)
Population
200
Speed
Normal
Resources
Standard
Victory
Conquest
Starting age
Dark Age
Ending age
Imperial Age
RankedLock teamsTeams togetherTeam positionsShared explorationLock speedFull tech treeHidden civsTurbo modeCheats
Victory
Defeat
🇨🇱 Italians · Chile
1017
+12
🇨🇱 Lithuanians · Chile
924
+15
🇨🇱 Koreans · Chile
891
+16
🇨🇱 Mongols · Chile
934
-15
🇨🇱 Bulgarians · Chile
928
-15
🇨🇱 Persians · Chile
878
-13
Superman Chileno
0:29 Loom
14:56 Feudal Age
15:52 Double-Bit Axe
20:31 Castle Age
18:50 Stone Mining
19:03 Gold Mining
19:32 Horse Collar
20:30 Wheelbarrow
21:39 Bow Saw
27:50 Stone Shaft Mining
28:29 Fortified Wall
31:13 Hand Cart
31:05 Heavy Plow
31:15 Fletching
34:47 Imperial Age
33:49 Gold Shaft Mining
35:50 Conscription
36:06 Bodkin Arrow
36:12 Padded Archer Armor
39:31 Leather Archer Armor
39:21 Bracer
41:07 Scale Barding Armor
41:18 Husbandry
40:39 Cavalier
42:14 Bloodlines
43:20 Chain Barding Armor
43:11 Forging
48:52 Chemistry
48:15 Ballistics
49:41 Elite Mangudai
vega
11:35 Loom
15:47 Feudal Age
16:21 Horse Collar
17:21 Wheelbarrow
16:45 Gold Mining
17:19 Double-Bit Axe
20:21 Castle Age
20:41 Town Watch
21:20 Hand Cart
25:00 Bow Saw
27:04 Fishing Lines
28:53 Padded Archer Armor
28:55 Fletching
29:11 Stone Mining
30:37 Heavy Plow
30:33 Gillnets
31:19 Ballistics
31:24 Leather Archer Armor
33:28 Crossbowman
35:11 Caravan
35:17 Kamandaran
36:20 Thumb Ring
37:48 Masonry
37:34 Murder Holes
37:50 Siphons
37:51 Bodkin Arrow
40:14 Husbandry
45:20 Scale Barding Armor
46:24 Gold Shaft Mining
46:24 Stone Shaft Mining
49:05 Imperial Age
48:51 Elite War Elephant
mavt
1:04 Loom
14:02 Feudal Age
14:52 Horse Collar
16:12 Double-Bit Axe
19:57 Castle Age
18:14 Forging
18:04 Scale Mail Armor
21:58 Wheelbarrow
21:24 Gambesons
21:41 Squires
24:20 Heavy Plow
24:59 Bow Saw
27:44 Gold Mining
29:11 Gold Shaft Mining
34:55 Imperial Age
33:02 Hand Cart
35:45 Bagains
36:06 Conscription
35:08 Pikeman
36:46 Iron Casting
36:26 Chain Mail Armor
36:16 Capped Ram
39:09 Halberdier
39:50 Stirrups
41:20 Bloodlines
41:10 Husbandry
40:32 Light Cavalry
42:27 Blast Furnace
41:58 Plate Mail Armor
41:34 Scale Barding Armor
41:30 Caravan
43:19 Chemistry
44:51 Onager
45:05 Hussar
49:55 Chain Barding Armor
Aldiiitox HxC
1:18 Loom
16:37 Feudal Age
17:15 Stone Mining
17:08 Horse Collar
17:16 Double-Bit Axe
23:29 Castle Age
24:08 Wheelbarrow
24:35 Heavy Plow
24:49 Bow Saw
24:52 Gold Mining
27:03 Fortified Wall
31:58 Gold Shaft Mining
32:03 Stone Shaft Mining
34:17 Imperial Age
34:04 Hand Cart
36:22 Chemistry
40:05 Elite War Wagon
42:40 Siphons
42:55 Ballistics
42:34 Fletching
42:57 Forging
45:10 Bodkin Arrow
46:17 Bracer
pattox17
7:20 Loom
13:17 Feudal Age
14:25 Double-Bit Axe
15:16 Wheelbarrow
15:42 Stone Mining
20:16 Castle Age
18:26 Gold Mining
18:28 Fletching
21:24 Bodkin Arrow
24:06 Bow Saw
24:53 Horse Collar
25:03 Fishing Lines
28:27 Ballistics
28:21 Heavy Plow
32:30 Imperial Age
31:43 Gillnets
34:12 Chemistry
33:15 Bracer
34:29 Thumb Ring
34:47 Padded Archer Armor
38:07 Conscription
39:08 Masonry
43:25 Silk Road
44:09 Pirotechnia
45:35 Architecture
46:36 Caravan
49:06 Crop Rotation
49:40 Two-Man Saw
49:20 Leather Archer Armor
50:54 Ring Archer Armor
KR0N0S-
12:46 Loom
14:31 Feudal Age
15:16 Double-Bit Axe
19:29 Fishing Lines
21:45 Loom
23:37 Horse Collar
23:53 Gold Mining
26:36 Castle Age
26:12 Forging
26:07 Scale Barding Armor
26:44 Stone Mining
28:24 Iron Casting
28:09 Chain Barding Armor
28:00 Bow Saw
28:36 Heavy Plow
28:46 Caravan
30:42 Gillnets
35:51 Imperial Age
34:41 Wheelbarrow
33:54 Town Watch
35:35 Scale Mail Armor
36:38 Chain Mail Armor
37:00 Hand Cart
39:32 Elite Leitis
39:55 Onager
41:21 Plate Barding Armor
Connection lost

Rejoining the realm…

Still unreachable

The connection could not be restored.

Session expired

The server has moved on; the page needs a fresh start.